 Dungeon Crawl Stone Soup version 0.29.1-2-gbd0b4ee654 (webtiles) character file.

Game seed: 5347433466724672960

15014 PhantomBowie the Fighter (level 12, -2/80 HPs)
             Began as a Gargoyle Berserker on Dec 1, 2022.
             Was a High Priest of Trog.
             Slain by a wolf spider (5 damage)
             ... on level 1 of the Lair of Beasts.
             The game lasted 00:39:29 (11112 turns).

PhantomBowie the Fighter (Gargoyle Berserker)      Turns: 11112, Time: 00:39:30

Health: -2/80      AC: 27    Str: 26    XL:     12   Next: 22%
Magic:  0/12       EV: 11    Int:  8    God:    Trog [*****.]
Gold:   985        SH:  0    Dex:  9    Spells: 11/11 levels left

rFire   . . .      SeeInvis .   H - +3 great mace
rCold   . . .      Faith    .   (shield currently unavailable)
rNeg    + . .      Spirit   +   o - +3 chain mail
rPois   ∞          Reflect  .   (no helmet)
rElec   +          Harm     .   G - +1 cloak {rPois}
rCorr   .          Rampage  .   (no gloves)
Will    +....                   f - +0 pair of boots
Stlth   ..........              q - amulet of guardian spirit
HPRegen 0.23/turn               u - ring of willpower
MPRegen 0.13/turn               (no ring)

@: no status effects
A: sickness immunity, AC +8, negative energy resistance 1, electricity
resistance, torment resistance 1, petrification resistance
a: Renounce Religion, Berserk, Trog's Hand, Brothers in Arms


You were on level 1 of the Lair of Beasts.
You worshipped Trog.
Trog was extremely pleased with you.
You visited 3 branches of the dungeon, and saw 12 of its levels.

You collected 985 gold pieces.

Inventory:

Hand Weapons
 a - a +0 morningstar
 H - a +3 great mace (weapon)
Armour
 f - a +0 pair of boots (worn)
 o - a +3 chain mail (worn)
 G - a +1 cloak of poison resistance (worn)
Jewellery
 n - an amulet of regeneration
 q - an amulet of guardian spirit (around neck)
 u - a ring of willpower (left hand)
 w - a ring of fire
Wands
 r - a wand of iceblast (4)
 s - a wand of flame (64)
 y - a wand of digging (7)
 C - a wand of quicksilver (26)
 J - a wand of charming (6)
Scrolls
 b - 2 scrolls of poison
 c - 2 scrolls of noise {unknown}
 d - a scroll of teleportation
 h - 4 scrolls of enchant weapon
 j - a scroll of vulnerability {unknown}
 t - 4 scrolls of fear
 x - a scroll of brand weapon {unknown}
 A - a scroll of magic mapping {unknown}
 B - 3 scrolls of butterflies
 D - 2 scrolls of silence {unknown}
 I - a scroll of blinking {unknown}
 K - 2 scrolls of enchant armour {unknown}
 L - a scroll of immolation {unknown}
Potions
 e - a potion of lignification
 g - 2 potions of haste
 i - a potion of heal wounds
 k - 2 potions of degeneration
 l - 6 potions of mutation
 m - a potion of might {unknown}
 p - a potion of invisibility {unknown}
 v - 5 potions of curing
 z - a potion of ambrosia {unknown}
 E - 2 potions of brilliance {unknown}
 F - a potion of resistance {unknown}


   Skills:
 + Level 11.2 Fighting
 + Level 10.4 Maces & Flails
 + Level 11.0 Armour
 + Level 8.5 Dodging


You had 11 spell levels left.
You didn't know any spells.
Your spell library was empty.

Dungeon Overview and Level Annotations

Branches:
Dungeon (10/15)            Temple (1/1) D:5            Lair (1/5) D:9
    Orc (0/2) D:10

Altars:
Ashenzari
Cheibriados
Dithmenos
Elyvilon
Fedhas
Gozag
Hepliaklqana
Kikubaaqudgha
Makhleb
Nemelex Xobeh
Okawaru
Qazlal
Ru
Sif Muna
Trog
Uskayaw
Vehumet
Wu Jian
Xom
Yredelemnul
Zin
The Shining One

Shops:
D:2 (   D:5 *


Innate Abilities, Weirdness & Mutations

You are immune to sickness and miasma.
Your stone body is resilient. (AC +8)
You are immune to poison.
You resist negative energy. (rN+)
You are resistant to electric shocks. (rElec)
You are resistant to unholy torment.
You are immune to petrification.


Message History

The wolf spider hits you but does no damage.
The wolf spider bites you but does no damage.
The wolf misses you. The wolf spider hits you. The wolf spider misses you.
The wolf attacks as you move away!
The wolf bites you but does no damage. x2
The wolf spider completely misses you.
The wolf spider bites you but does no damage.
The wolf spider attacks as you move away!
The wolf spider hits you but does no damage.
The wolf spider bites you but does no damage.
The wolf spider hits you! The wolf spider bites you.
The wolf spider attacks as you move away!
The wolf spider hits you but does no damage.
The wolf spider bites you.
* * * LOW HITPOINT WARNING * * *
The wolf spider attacks as you move away!
The wolf spider barely misses you.
The wolf spider bites you but does no damage.
The wolf bites you but does no damage. The wolf spider hits you!
* * * LOW HITPOINT WARNING * * *
The wolf spider bites you!
* * * LOW HITPOINT WARNING * * *
The wolf spider misses you. x2; The wolf bites you but does no damage. x2
The wolf spider hits you but does no damage.
The wolf spider bites you but does no damage.
The wolf barely misses you. The wolf attacks as you move away!
The wolf bites you but does no damage.
The wolf spider attacks as you move away!
The wolf spider hits you but does no damage.
The wolf spider misses you.
The wolf spider attacks as you move away!
The wolf spider barely misses you.
The wolf spider bites you but does no damage.
The wolf spider hits you.
* * * LOW HITPOINT WARNING * * *
The wolf spider bites you but does no damage.
The wolf spider barely misses you. The wolf spider bites you.
* * * LOW HITPOINT WARNING * * *
There is a staircase back to the Dungeon here.
The wolf spider hits you!
You die...

#.. .#########P..## ##.# .#
#.............## ##..# .#
..............P# #####...# #.##
..............# #.......####....
..............## #...............
..............)###...............
#..............†÷................
#..............h@÷...............
..............#s##.P###.#.#.###..
#.............h###.#######.......
#............s###.......##.......
..................####..##.[.....
..............###.####..##.>.....
...(..........##...##P..##.......
..............###................
P..............##................


You could see 2 wolf spiders and 2 wolves.

Vanquished Creatures
  A hydra (Lair:1)
  A two-headed ogre (D:9)
  Erica (D:8)
  A black mamba (Lair:1)
  A gargoyle (D:10)
  A kobold demonologist (D:10)
  2 trolls
  A hornet (D:10)
  Prince Ribbit (D:8)
  Grinder (D:5)
  Sigmund (D:6)
  19 yaks
  2 wraiths
  2 wyverns (D:9)
  Eustachio (D:5)
  A shadow (D:9)
  A basilisk (D:9)
  Grum (D:8)
  Menkaure (D:5)
  5 acid dragons
  10 water moccasins
  4 orc warriors
  2 ice beasts (D:6)
  4 ogres
  A sky beast (D:8)
  6 black bears
  6 wolves
  6 centaurs
  2 phantoms
  Blork the orc (D:6)
  5 kobold brigands
  7 bullfrogs
  2 necrophages
  A gnoll sergeant (D:9)
  4 scorpions
  13 wights
  2 electric eels (D:8)
  A howler monkey (D:5)
  6 orc priests
  A jelly (D:4)
  2 hounds
  4 iguanas
  A gnoll bouda (D:7)
  11 orc wizards
  16 gnolls
  7 adders
  2 shadow imps
  A white imp (D:7)
  2 ufetubi
  A worm (D:3)
  3 dart slugs
  34 orcs
  4 bats
  9 endoplasms
  3 giant cockroaches
  2 goblins
  5 hobgoblins
  A jackal (D:5)
  5 quokkas
  4 ball pythons
  A frilled lizard (D:1)
  18 kobolds
  7 rats
272 creatures vanquished.

Vanquished Creatures (others)
  6 plants (D:9)
6 creatures vanquished.

Grand Total: 278 creatures vanquished

Notes
Turn   | Place    | Note
-------+----------+-------------------------------------------
     0 | D:1      | PhantomBowie the Gargoyle Berserker began the quest for the
                  | Orb.
     0 | D:1      | Reached XP level 1. HP: 14/14 MP: 1/1
   448 | D:1      | Reached XP level 2. HP: 19/19 MP: 2/2
   702 | D:1      | Found a faded altar of an unknown god.
  1252 | D:2      | Reached XP level 3. HP: 20/23 MP: 3/3
  1579 | D:2      | Identified the +2 dagger "Earthworm" {venom, Fragile rElec
                  | rF+ Will+}
  2067 | D:2      | Found Epnattin's Antique Weapon Emporium.
  2442 | D:3      | Reached ** piety under Trog
  2916 | D:3      | Reached XP level 4. HP: 29/29 MP: 4/4
  3239 | D:4      | Noticed a phantom
  3256 | D:4      | Killed a phantom
  3257 | D:4      | Reached XP level 5. HP: 33/33 MP: 5/5
  3336 | D:4      | Found a burning altar of Makhleb.
  3574 | D:4      | Reached XP level 6. HP: 30/39 MP: 6/6
  3920 | D:4      | Reached skill level 5 in Fighting
  3920 | D:4      | Reached XP level 7. HP: 41/44 MP: 7/7
  4136 | D:5      | Entered Level 5 of the Dungeon
  4217 | D:5      | Noticed Grinder
  4240 | D:5      | Paralysed by Grinder for 5 turns
  4280 | D:5      | Killed Grinder
  4281 | D:5      | Reached skill level 5 in Maces & Flails
  4281 | D:5      | Reached skill level 5 in Armour
  4353 | D:5      | Reached XP level 8. HP: 47/51 MP: 8/8
  4424 | D:5      | Reached *** piety under Trog
  4502 | D:5      | Noticed Eustachio
  4520 | D:5      | Killed Eustachio
  4556 | D:5      | Found a staircase to the Ecumenical Temple.
  4557 | D:5      | Noticed Menkaure
  4570 | D:5      | Killed Menkaure
  4586 | Temple   | Entered the Ecumenical Temple
  4847 | D:5      | Found Egoishra's Assorted Antiques.
  4959 | D:5      | Noticed a wraith
  4977 | D:5      | Killed a wraith
  5095 | D:5      | Reached XP level 9. HP: 56/56 MP: 9/9
  5111 | D:5      | Reached skill level 5 in Dodging
  5587 | D:6      | Noticed Blork the orc
  5599 | D:6      | Killed Blork the orc
  5711 | D:6      | Noticed Sigmund
  5724 | D:6      | Killed Sigmund
  5741 | D:6      | Noticed a troll
  5751 | D:6      | Killed a troll
  6300 | D:7      | Reached XP level 10. HP: 54/64 MP: 10/10
  6539 | D:7      | Reached **** piety under Trog
  7101 | D:8      | Noticed Prince Ribbit
  7123 | D:8      | Killed Prince Ribbit
  7288 | D:8      | Found a stormy altar of Qazlal.
  7302 | D:8      | Noticed Erica
  7453 | D:8      | Noticed Grum
  7498 | D:8      | Killed Grum
  7703 | D:8      | Killed Erica
  8017 | D:8      | Reached XP level 11. HP: 71/71 MP: 11/11
  8159 | D:9      | Reached ***** piety under Trog
  8169 | D:9      | Found a staircase to the Lair.
  8301 | D:9      | Noticed a two-headed ogre
  8406 | D:8      | Reached skill level 10 in Fighting
  8753 | D:9      | Killed a two-headed ogre
  8754 | D:9      | Reached skill level 10 in Armour
  8908 | D:9      | Received a gift from Trog
  9550 | D:10     | Entered Level 10 of the Dungeon
  9905 | D:10     | Found a shadowy altar of Dithmenos.
 10010 | D:10     | Reached skill level 10 in Maces & Flails
 10065 | D:10     | Found a staircase to the Orcish Mines.
 10332 | D:10     | Reached XP level 12. HP: 77/79 MP: 12/12
 10428 | D:10     | Found a broken altar of Ashenzari.
 10565 | Lair:1   | Entered Level 1 of the Lair of Beasts
 10853 | Lair:1   | Noticed a four-headed hydra
 10903 | Lair:1   | Killed a four-headed hydra
 11111 | Lair:1   | HP: 2/80 [wolf spider (3)]
 11112 | Lair:1   | Slain by a wolf spider

Illustrated notes

Levels and vault maps discovered:
D:1:      lemuel_arrival_room, layout_basic, shapermc_ecumenical_altar_ellora,
          hangedman_decor_points
D:2:      layout_loops_corners, serial_shops, shop
D:3:      layout_loops_corners, minmay_hedge_maze, minmay_puff
D:4:      minmay_evil_eye, layout_basic, mainiacjoe_overflow_catwalk
D:5:      minmay_polygon_palace, layout_basic, minmay_temple_entry_sparse_star,
          serial_shops, nicolae_shop_overgrown_old_shop,
          minmay_misc_feat_diagonals, uniq_grinder, uniq_menkaure,
          uniq_eustachio
D:6:      layout_loops_ring, kennysheep_generic_room_11, uniq_blork_the_orc,
          uniq_sigmund
D:7:      layout_basic
D:8:      layout_basic, lemuel_doored_altar, wad_floor_pattern_untrapped,
          nicolae_figureground_sparkle, uniq_grum, uniq_erica,
          uniq_prince_ribbit1
D:9:      layout_irregular_city, minmay_lair_entry_grove,
          minmay_misc_feat_columns, grunt_ministairs_4,
          hangedman_decor_peaks_small
D:10:     layout_roguey, lemuel_coloured_pillars_altar, old_standard_altar,
          orc_0_dummy
Temple:   regret_index_temple_mists
Lair:1:   minmay_lair_oklob_chamber, layout_gridlike,
          chequers_serial_rivers_small_b, nicolae_lair_run_with_the_wolves

Skill      XL: |  1  2  3  4  5  6  7  8  9 10 11 12 |
---------------+-------------------------------------+-----
Dodging        | 2 3 4 5 7 8 |  8.5
Fighting       | 4 5 6 8 9 10 11 | 11.2
Armour         | 3 4 5 6 7 9 10 11 | 11.0
Maces & Flails | 4 5 6 7 8 10 | 10.4

Action                   |  1- 3 |  4- 6 |  7- 9 | 10-12 || total
-------------------------+-------+-------+-------+-------++-------
Melee: Mace              |   133 |   153 |   272 |       ||   558
       Punch             |       |     1 |     2 |     1 ||     4
       Morningstar       |       |       |   117 |    91 ||   208
       Flail             |       |       |    12 |       ||    12
       Dire flail        |       |       |       |   356 ||   356
       Great mace        |       |       |       |   191 ||   191
Invok: Berserk           |       |     1 |     3 |     4 ||     8
Evoke: Wand              |       |       |       |     2 ||     2
  Use: Scroll            |       |       |     7 |     4 ||    11
Armor: Animal skin       |     6 |       |       |       ||     6
       Scale mail        |    40 |       |       |       ||    40
       Chain mail        |    30 |    90 |   340 |   538 ||   998
Dodge: Dodged            |    61 |    63 |   249 |   348 ||   721
